 Dungeon Crawl Stone Soup version bcrawl-1.14 (webtiles) character file.

Game seed: 75725373633059713

73990 Tiareth the Dealer of Despair (level 15, -12/112 HPs)
             Began as a Human Archaeologist on Sept 15, 2019.
             Was an Elder of Kikubaaqudgha.
             Mangled by a guardian serpent (19 damage)
             ... on level 1 of the Snake Pit on Sept 16, 2019.
             The game lasted 03:32:21 (28063 turns).

Tiareth the Dealer of Despair (HuAc)               Turns: 28063, Time: 03:32:22

Health: -12/112    AC: 11    Str: 13    XL:     15   Next: 92%
Magic:  18/25      EV: 16    Int: 24    God:    Kikubaaqudgha [****..]
Gold:   1466       SH:  7    Dex: 23    Spells: 2/28 levels left

rFire    + + .     SeeInvis +   K - +5 mace "Bingo" {crush, rF++ Dex+2}
rCold    + . .     Gourm    .   E - +0 buckler
rNeg     . . .     Faith    +   x - +2 ring mail of Past Mistakes {Regen+ Dex+2}
rPois    .         Spirit   .   a - +0 mask of the Dragon {MR+ Slay+3 SInv}
rElec    +         Reflect  .   (no cloak)
rCorr    .         Harm     .   y - +0 pair of gloves
MR       ++...     NoTele   +   c - +0 pair of boots of Baldness {-Tele +Fly rElec Dex+6}
Stlth    ++++++....             F - amulet of faith
HPRegen  0.68/turn              Z - +3 ring of intelligence
MPRegen  0.19/turn              M - ring of Rosm {rC+ Int+3 Stlth+}

@: constricted
A: no striking features
a: Receive Corpses, Renounce Religion, Evoke Flight


You were on level 1 of the Snake Pit.
You worshipped Kikubaaqudgha.
Kikubaaqudgha was greatly pleased with you.
You were not hungry.

You visited 5 branches of the dungeon, and saw 21 of its levels.
You also visited: Ice Cave.

You collected 2848 gold pieces.
You spent 1382 gold pieces at shops.

Inventory:

Hand Weapons
 f - the +8 frozen axe "Frostbite" {freezing cloud, *Noise +Fly rC+}

   It has been specially enchanted to freeze those struck by it, causing extra
   injury to most foes and up to half again as much damage against particularly
   susceptible opponents.
   It can also slow down cold-blooded creatures.
   It protects you from cold.
   It lets you fly.
   It may make noises in combat.
 j - a +0 arbalest
 A - a +0 hand axe of flaming
 B - a +2 battleaxe of freezing
 K - the +5 mace "Bingo" (weapon) {crush, rF++ Dex+2}
   (You found it on level 8 of the Dungeon)

   It inflicts extra damage upon your enemies.
   It affects your dexterity (+2).
   It greatly protects you from fire.
 R - a +2 rapier of speed
Missiles
 N - 757 bolts
Armour
 a - the +0 mask of the Dragon (worn) {MR+ Slay+3 SInv}
   (You bought it in a shop in the Orcish Mines)

   It affects your accuracy and damage with ranged weapons and melee attacks
   (+3).
   It affects your resistance to hostile enchantments.
   It lets you see invisible.
 c - the +0 pair of boots of Baldness (worn) {-Tele +Fly rElec Dex+6}
   (You bought it in a shop in the Orcish Mines)

   It affects your dexterity (+6).
   It insulates you from electricity.
   It lets you fly.
   It prevents most forms of teleportation.
 d - a +2 pair of boots
 x - the +2 ring mail of Past Mistakes (worn) {Regen+ Dex+2}
   (You found it on level 11 of the Dungeon)

   It affects your dexterity (+2).
   It increases your rate of regeneration.
 y - a +0 pair of gloves (worn)
 z - a +2 ring mail of positive energy
 E - a +0 buckler (worn)
Jewellery
 e - an uncursed amulet of regeneration
 h - an uncursed ring of poison resistance
 l - a +2 ring of slaying
 p - an uncursed ring of wizardry
 s - an uncursed ring of protection from cold
 u - an uncursed ring of magical power
 v - an uncursed ring of insulation
 F - an amulet of faith (around neck)
 G - an uncursed ring of resist corrosion
 M - the ring of Rosm (right hand) {rC+ Int+3 Stlth+}
   (You found it on level 1 of the Lair of Beasts)

   [ring of stealth]

   It affects your intelligence (+3).
   It protects you from cold.
   It makes you more stealthy.
 T - an uncursed ring of protection from magic
 W - an uncursed ring of protection from fire
 Z - a +3 ring of intelligence (left hand)
Wands
 k - a wand of random effects (11)
 r - a wand of paralysis (7)
 I - a wand of iceblast (2)
 P - a wand of enslavement (7)
 Q - a wand of disintegration (18)
Scrolls
 i - 3 scrolls of fear
 m - 9 scrolls of remove curse
 n - 3 scrolls of amnesia
 o - 5 scrolls of fog
 t - a scroll of enchant weapon
 C - 2 scrolls of immolation
 J - 2 scrolls of blinking
 S - a scroll of torment
 U - 3 scrolls of teleportation
Potions
 b - a potion of ambrosia
 D - 3 potions of curing
 H - 3 potions of cancellation
 L - a potion of agility
 O - a potion of flight
 V - 2 potions of haste
 X - 2 potions of lignification
Miscellaneous
 q - a box of beasts
 w - a fan of gales
Comestibles
 g - 20 rations {!d}


   Skills:
 + Level 8.9 Fighting
 - Level 6.0 Short Blades
 + Level 8.0(10.0) Axes
 + Level 9.4(10.6) Maces & Flails
 + Level 9.4 Armour
 + Level 10.0 Dodging
 + Level 10.7 Stealth
 - Level 6.0 Shields
 + Level 7.3 Spellcasting
 * Level 12.4 Necromancy
 + Level 3.5 Earth Magic
 + Level 10.9 Evocations


You had 2 spell levels left.
You knew the following spells:

 Your Spells              Type           Power        Failure   Level  Hunger
a - Agony                 Necr           ######..     2%          5    #####..
b - Borgnjor's Vile Clut  Necr/Erth      #####.....   58%         6    ######.
d - Dispel Undead         Necr           ######..     2%          5    #####..
n - Animate Skeleton      Necr           N/A          1%          1    None
r - Regeneration          Chrm/Necr      #####.....   3%          3    None
N - Animate Dead          Necr           N/A          1%          4    ###....
S - Sublimation of Blood  Necr           ######....   1%          2    None

Your spell library contained the following spells:

 Spells                   Type           Power        Failure   Level  Hunger
 Pain                     Necr           ####         1%          1    None
 Sandblast                Erth           ####..       3%          1    None
 Passwall                 Tmut/Erth      ###.....     10%         2    None
 Apportation              Tloc           #.....       13%         1    None
 Infusion                 Chrm           #.......     13%         1    None
 Slow                     Hex            #.......     13%         1    None
 Summon Butterflies       Summ           #.......     13%         1    None
 Summon Small Mammal      Summ           #...         13%         1    None
 Call Imp                 Summ           #.......     21%         2    None
 Poisonous Vapours        Pois/Air       #.....       21%         2    None
 Stone Arrow              Conj/Erth      ###...       19%         3    None
 Call Canine Familiar     Summ           #.......     36%         3    None
 Confuse                  Hex            #.......     36%         3    None
 Conjure Flame            Conj/Fire      #.......     36%         3    None
 Dazzling Spray           Conj/Hex       #.....       36%         3    None
 Mephitic Cloud           Conj/Pois/Air  #.......     36%         3    None
 Petrify                  Tmut/Erth      ###.....     52%         4    ###....
 Lee's Rapid Deconstruct  Erth           ####......   63%         5    #####..
 Cause Fear               Hex            #.........   78%         4    ###....
 Summon Ice Beast         Ice/Summ       #.......     78%         4    ###....
 Yara's Violent Unravell  Hex/Tmut       #.........   78%         4    ###....
 Simulacrum               Ice/Necr       #####.....   83%         6    ######.
 Metabolic Englaciation   Hex/Ice        #.........   98%         5    #####..
 Piercing Shot            Chrm           #.........   98%         5    #####..
 Silence                  Hex/Air        #.........   98%         5    #####..
 Summon Lightning Spire   Summ/Air       #.......     98%         5    #####..
 Deflect Missiles         Chrm/Air       #.........   100%        6    ######.
 Freezing Cloud           Conj/Ice/Air   #.........   100%        6    ######.
 Mana Rupture             Conj/Hex       #.........   100%        7    #######
 Ring of Flames           Chrm/Fire      #.........   100%        7    #######
 Discord                  Hex            #.........   100%        8    #######


Dungeon Overview and Level Annotations

Branches:
Dungeon (12/12)            Temple (1/1) D:5            Lair (6/6) D:7
 Shoals (0/3) Lair:4        Snake (1/3) Lair:4        Slime (0/5) Lair:5
    Orc (1/1) D:8             Elf (0/3) Orc          Vaults (0/3) D:11
 Depths (0/5) D:12

Altars:
Ashenzari
Cheibriados
Dithmenos
Elyvilon
Fedhas
Gozag
Hepliaklqana
Kikubaaqudgha
Lugonu
Makhleb
Nemelex Xobeh
Okawaru
Qazlal
Ru
Sif Muna
Trog
Uskayaw
Vehumet
Wu Jian
Xom
Yredelemnul
Zin
The Shining One
Jiyva

Shops:
D:4 [%   D:6 [   Orc }*(([

Annotations:
D:3 3 runed translucent doors, Susanna's ghost, amateur DsAc; Tutankhamun's ghost, amateur GrAc; gorpus's ghost, amateur OpWz; yrara's ghost, amateur DsFi
Lair:1 exclusion: oklob plant
Lair:3 exclusion: 5 oklob plants


Message History

You start removing your armour.
You continue taking off the +0 pair of boots of Baldness {-Tele +Fly rElec Dex+6}.
The anaconda closely misses you.
The naga warrior blocks your black mamba zombie's attack.
Your black mamba zombie bites the naga!
The naga dies!
Kikubaaqudgha accepts your kill. The anaconda bites you!
* * * LOW HITPOINT WARNING * * *
The anaconda bites you!
* * * LOW HITPOINT WARNING * * *
The naga warrior hits your black mamba zombie with a +0 flail!
The naga warrior completely misses your black mamba zombie.
The shock serpent bites you.
* * * LOW HITPOINT WARNING * * *
The shock serpent shocks you. You resist.
* * * LOW HITPOINT WARNING * * *
The guardian serpent hits you!!
You die...
Kikubaaqudgha rasps: "You have failed me!
Welcome... death!"

....## ####..# ## ...#
#.....# #..
####.####..[..# ...#
###......Z......#
...###......#........##
............#.........#
###....Z...###.#......
##...SNN..### #.##....#
#...ZS@S### ##..#....#
#...NSZN# #.........
#.....Z.# #..####.##
.........# #..#......
##....#### ####...###
####. #......# ..
#...%..# ... #......##
#.###...##


You could see 2 naga warriors, 2 salamanders, 2 anacondas, a shock serpent, a
guardian serpent, 2 friendly black mamba zombies, a friendly naga zombie and a
friendly black mamba skeleton.

Vanquished Creatures
  An orc warlord (Orc)
  Josephine (D:11)
  2 vault guards
  3 hydras
  2 ice dragons (IceCv)
  4 two-headed ogres
  4 death yaks (D:7)
  3 orc high priests (Orc)
  8 skeletal warriors (D:11)
  A sea snake (Lair:6)
  An unseen horror (D:11)
  A wizard (D:11)
  Pikel (D:7)
  A cyclops (D:8)
  2 necromancers (D:11)
  A wolf spider (D:11)
  An ugly thing (D:12)
  7 orc knights
  2 wolf spider zombies
  2 orc sorcerers
  2 manticores
  5 elephants
  3 black mambas
  A gargoyle (D:11)
  2 torpor snails
  A centaur zombie (D:10)
  2 ice statues (IceCv)
  6 cane toads
  2 komodo dragons
  Joseph (D:9)
  3 centaur skeletons
  2 kobold demonologists (D:11)
  6 rime drakes
  3 trolls
  A polar bear (Lair:6)
  A hornet (D:12)
  4 blink frogs
  A dream sheep (Lair:4)
  6 hippogriffs
  A shadow (D:10)
  21 yaks
  5 wraiths
  A yak (shapeshifter) (D:11)
  10 humans
  3 basilisks
  3 hungry ghosts
  Menkaure (D:7)
  3 swamp worms (Lair:2)
  A naga (Snake:1)
  2 porcupines
  9 water moccasins
  27 orc warriors
  15 ice beasts
  3 sky beasts
  An eye of draining (D:10)
  A wolf (Lair:5)
  9 ogres
  A centaur (D:5)
  6 crocodiles
  8 big kobolds
  6 bullfrogs
  3 gnoll sergeants (D:8)
  2 scorpions
  2 water moccasin skeletons
  5 killer bees (D:11)
  5 electric eels
  6 wights
  A howler monkey (D:9)
  5 hounds
  3 crimson imps
  2 jellies
  A bullfrog skeleton (D:3)
  14 orc priests
  13 orc wizards
  10 worker ants
  A howler monkey zombie (D:5)
  11 adders
  13 gnolls
  2 howler monkey skeletons (D:5)
  2 shadow imps
  An ooze (D:3)
  8 worms
  A dart slug (D:4)
  5 leopard geckos
  74 orcs
  2 ball pythons
  5 giant cockroaches
  4 goblins
  8 hobgoblins
  28 kobolds
  6 quokkas
  A bat (D:2)
  4 frilled lizards
  A quokka skeleton (D:4)
  5 rats
  A plant (Lair:2)
492 creatures vanquished.

Vanquished Creatures (collateral kills)
  A frost giant (D:12)
  A dire elephant (Lair:6)
  2 hydras
  A merfolk avatar (Lair:6)
  A two-headed ogre (D:10)
  2 centaur warriors (D:12)
  4 death yaks
  An ogre mage (D:10)
  2 orc high priests (Orc)
  A necromancer (D:11)
  A cyclops (D:12)
  An oklob plant (Lair:6)
  A manticore (Lair:6)
  A centaur zombie (D:10)
  8 elephants
  2 black mambas
  2 torpor snails
  A centaur skeleton (D:9)
  5 cane toads
  A yaktaur (D:12)
  2 rime drakes (Lair:6)
  3 komodo dragons (Lair:6)
  4 polar bears
  13 blink frogs
  7 dream sheep (Lair:5)
  2 hippogriffs
  A centaur simulacrum (D:12)
  A water elemental (D:12)
  19 yaks
  2 wyverns
  A wraith (D:10)
  7 humans (D:11)
  A naga (Snake:1)
  4 swamp worms (Lair:2)
  5 water moccasins
  9 orc warriors
  A porcupine (Lair:4)
  An ice beast (IceCv)
  An ogre (D:8)
  4 wolves
  5 crocodiles
  4 bullfrogs
  A big kobold (D:8)
  A wight (D:5)
  An electric eel (D:12)
  2 crimson imps
  A quasit (D:10)
  3 orc priests (Orc)
  An orc wizard (D:8)
  A gnoll shaman (Orc)
  An adder zombie (D:8)
  10 orcs
  A kobold (D:8)
  3 fungi
  5 plants
167 creatures vanquished.

Vanquished Creatures (others)
  A centaur warrior (D:10)
  A shadow (D:12)
  3 slaves (D:7)
  An orc wizard (Orc)
  An orc (Orc)
  5 fungi
  15 plants
27 creatures vanquished.

Grand Total: 686 creatures vanquished

Notes
Turn   | Place    | Note
-------+----------+-------------------------------------------
     0 | D:1      | Tiareth the Human Archaeologist began the quest for the
                  | Orb.
     0 | D:1      | Reached XP level 1. HP: 15/15 MP: 1/1
   193 | D:1      | Reached XP level 2. HP: 21/21 MP: 2/2
   342 | D:1      | Reached skill level 1 in Evocations
   549 | D:1      | Reached XP level 3. HP: 23/26 MP: 2/4
  1667 | D:2      | Reached XP level 4. HP: 28/33 MP: 5/5
  2569 | D:3      | Found an ancient bone altar of Kikubaaqudgha.
  2857 | D:3      | Reached XP level 5. HP: 38/38 MP: 5/7
  2902 | D:3      | Reached skill level 1 in Armour
  3425 | D:3      | Reached skill level 1 in Short Blades
  3425 | D:3      | Reached XP level 6. HP: 23/44 MP: 3/8
  3623 | D:3      | Found a runed translucent gate.
  3623 | D:3      | Found a runed translucent gate.
  3623 | D:3      | Found a runed translucent gate.
  3624 | D:3      | Noticed gorpus's ghost (amateur OpWz)
  3624 | D:3      | Noticed Tutankhamun's ghost (amateur GrAc)
  3626 | D:3      | Noticed yrara's ghost (amateur DsFi)
  3626 | D:3      | Noticed Susanna's ghost (amateur DsAc)
  4125 | D:3      | Became a worshipper of Kikubaaqudgha
  4187 | D:3      | Found a burning altar of Makhleb.
  4571 | D:4      | Reached XP level 7. HP: 42/51 MP: 9/9
  4733 | D:4      | Found a hazy altar of Hepliaklqana.
  5062 | D:4      | Found Zuroa's Antique Armour Shop.
  5178 | D:4      | Found a hide-covered altar of Uskayaw.
  5502 | D:4      | Found Tausyik's Food Shoppe.
  5667 | D:5      | Entered Level 5 of the Dungeon
  5669 | D:5      | Got a fine quarterstaff
  5695 | D:5      | Identified the +7 quarterstaff of the Rat {freeze, Dex+2}
                  | (You found it on level 5 of the Dungeon)
  5762 | D:5      | Found a staircase to the Ecumenical Temple.
  5764 | D:5      | Reached skill level 1 in Necromancy
  5785 | D:5      | Reached skill level 5 in Stealth
  5785 | D:5      | Reached XP level 8. HP: 39/58 MP: 9/11
  5804 | Temple   | Entered the Ecumenical Temple
  5870 | D:5      | Reached * piety under Kikubaaqudgha
  5870 | D:5      | Identified Kikubaaqudgha's Tome of Evil (Kikubaaqudgha
                  | gifted it to you on level 5 of the Dungeon)
  5870 | D:5      | Received a gift from Kikubaaqudgha
  5897 | D:5      | Learned a level 1 spell: Animate Skeleton
  6160 | D:5      | Reached skill level 2 in Necromancy
  6160 | D:5      | Reached skill level 5 in Evocations
  6244 | D:5      | Found an ornate altar of the Wu Jian Council.
  6378 | D:5      | Learned a level 3 spell: Regeneration
  6381 | D:5      | Learned a level 2 spell: Sublimation of Blood
  6476 | D:6      | Reached skill level 5 in Dodging
  6476 | D:6      | Reached skill level 1 in Spellcasting
  6593 | D:6      | Reached skill level 3 in Necromancy
  6641 | D:6      | Reached XP level 9. HP: 62/64 MP: 9/13
  6649 | D:6      | Reached ** piety under Kikubaaqudgha
  6669 | D:6      | Found Xiype's Antique Armour Shop.
  7041 | D:6      | Found a sparkling altar of Nemelex Xobeh.
  7044 | D:6      | Found a shadowy altar of Dithmenos.
  7044 | D:6      | Found a bloodstained altar of Trog.
  7046 | D:6      | Found a glowing golden altar of the Shining One.
  7046 | D:6      | Found a shimmering blue altar of Sif Muna.
  7264 | D:6      | Reached skill level 4 in Necromancy
  7442 | D:6      | Noticed a moth of wrath
  7445 | D:6      | Found a bloodstained altar of Trog.
  7700 | D:7      | Found a glowing silver altar of Zin.
  7700 | D:7      | Found an opulent altar of Gozag.
  7890 | D:7      | Noticed Pikel
  7896 | D:7      | Killed Pikel
  8008 | D:7      | Noticed Menkaure
  8016 | D:7      | Killed Menkaure
  8016 | D:7      | Reached XP level 10. HP: 43/73 MP: 8/14
  8043 | D:7      | Reached skill level 5 in Necromancy
  8289 | D:7      | Noticed a death yak
  8510 | D:7      | Found a shattered altar of Ashenzari.
  9056 | D:8      | Got a crude mace
  9115 | D:8      | Identified the +5 mace "Bingo" {crush, rF++ Dex+2} (You
                  | found it on level 8 of the Dungeon)
  9130 | D:8      | Noticed a cyclops
  9153 | D:8      | Killed a cyclops
  9153 | D:8      | Reached skill level 5 in Maces & Flails
  9460 | D:7      | Noticed a death yak
  9460 | D:7      | Noticed a death yak
  9461 | D:7      | Noticed a death yak
  9461 | D:7      | Noticed a death yak
  9506 | D:7      | Killed a death yak
  9603 | D:8      | Found a sacrificial altar of Ru.
  9717 | D:8      | Found a staircase to the Orcish Mines.
  9725 | D:8      | Reached skill level 6 in Necromancy
  9735 | D:8      | Reached *** piety under Kikubaaqudgha
  9735 | D:8      | Identified Kikubaaqudgha's Catalogue of Black Rites
                  | (Kikubaaqudgha gifted it to you on level 8 of the Dungeon)
  9735 | D:8      | Received a gift from Kikubaaqudgha
  9816 | D:7      | Learned a level 4 spell: Animate Dead
  9822 | D:7      | Learned a level 5 spell: Agony
  9891 | D:7      | Reached skill level 5 in Fighting
  9891 | D:7      | Reached skill level 5 in Armour
 10178 | D:8      | Reached skill level 5 in Short Blades
 10543 | D:9      | Reached XP level 11. HP: 25/79 MP: 3/16
 10666 | D:9      | Found a shimmering altar of Xom.
 10666 | D:9      | Found a shimmering altar of Xom.
 10667 | D:9      | Found a shimmering altar of Xom.
 10667 | D:9      | Found a shimmering altar of Xom.
 10667 | D:9      | Found a shimmering altar of Xom.
 10669 | D:9      | Found a shimmering altar of Xom.
 11284 | D:9      | Noticed Joseph
 11307 | D:9      | Killed Joseph
 11539 | D:9      | Reached **** piety under Kikubaaqudgha
 11590 | D:9      | Reached skill level 7 in Necromancy
 11846 | D:10     | Entered Level 10 of the Dungeon
 11949 | D:7      | Noticed a death yak
 11972 | D:7      | Noticed a death yak
 12002 | D:7      | Killed a death yak
 12011 | D:7      | Killed a death yak
 12156 | D:7      | Killed a death yak
 12157 | D:7      | Killed a death yak
 12166 | D:7      | Killed a death yak
 12178 | D:7      | Killed a death yak
 12195 | D:7      | Found a staircase to the Lair.
 12275 | D:7      | Found a sacrificial altar of Ru.
 12386 | Lair:1   | Entered Level 1 of the Lair of Beasts
 12631 | Lair:1   | Noticed an oklob plant
 12653 | Lair:1   | Got a vibrating jade ring
 12665 | Lair:1   | Reached skill level 8 in Necromancy
 12741 | Lair:1   | Identified the ring of Rosm {rC+ Int+3 Stlth+} (You found
                  | it on level 1 of the Lair of Beasts)
 13083 | Lair:1   | Reached XP level 12. HP: 46/88 MP: 3/18
 13708 | Lair:2   | Learned a level 5 spell: Dispel Undead
 14070 | Lair:2   | Reached skill level 1 in Shields
 15051 | Lair:3   | Found a frozen archway.
 15073 | IceCv    | Entered an ice cave
 15128 | IceCv    | Reached skill level 5 in Spellcasting
 15128 | IceCv    | Reached skill level 9 in Necromancy
 15649 | IceCv    | Noticed an ice dragon
 15649 | IceCv    | Noticed an ice dragon
 15684 | IceCv    | Killed an ice dragon
 15757 | IceCv    | Killed an ice dragon
 16046 | Lair:2   | Reached XP level 13. HP: 57/95 MP: 3/20
 16288 | Lair:3   | Reached skill level 1 in Axes
 17292 | Lair:4   | Reached skill level 10 in Necromancy
 17478 | Lair:4   | Found a staircase to the Shoals.
 17560 | Lair:4   | Found a staircase to the Snake Pit.
 18150 | Lair:5   | Got a smelly leather armour
 18151 | Lair:5   | Identified the +1 leather armour of Uluciah {rCorr} (You
                  | found it on level 5 of the Lair of Beasts)
 18156 | Lair:5   | Noticed a seven-headed hydra
 18167 | Lair:5   | Killed a seven-headed hydra
 18178 | Lair:5   | Noticed a five-headed hydra
 18198 | Lair:5   | Found a shimmering altar of Xom.
 18210 | Lair:5   | Killed a five-headed hydra
 18836 | Lair:5   | Found a viscous altar of Jiyva.
 18837 | Lair:5   | Found a staircase to the Slime Pits.
 18942 | Lair:6   | Entered Level 6 of the Lair of Beasts
 19252 | Lair:5   | Reached XP level 14. HP: 53/103 MP: 9/23
 19267 | Lair:5   | HP: 2/103 [polar bear (6)]
 19267 | Lair:5   | Reached skill level 5 in Axes
 20031 | Lair:6   | Noticed a dire elephant
 20041 | Lair:6   | Killed a dire elephant
 20874 | Orc      | Entered the Orcish Mines
 20922 | Orc      | Reached skill level 11 in Necromancy
 20945 | Orc      | Found a burning altar of Makhleb.
 21148 | Orc      | Noticed an orc warlord
 21377 | Orc      | Killed an orc warlord
 21377 | Orc      | Reached skill level 5 in Shields
 21377 | Orc      | Reached skill level 10 in Evocations
 21445 | D:8      | Paralysed by an orc sorcerer for 2 turns
 22462 | Orc      | Learned a level 6 spell: Borgnjor's Vile Clutch
 22604 | Orc      | Reached skill level 10 in Stealth
 22679 | Orc      | Found a staircase to the Elven Halls.
 22889 | Orc      | Reached skill level 1 in Earth Magic
 23217 | Orc      | Found Taffod's Antique Weapon Emporium.
 23220 | Orc      | Found Icie's Assorted Antiques.
 23221 | Orc      | Found Raaqahirph's Weapon Emporium.
 23222 | Orc      | Found Tekkael's Gadget Emporium.
 23284 | Orc      | Found Lastiaz's Antique Armour Shop.
 23474 | Orc      | Bought the +0 mask of the Dragon {MR+ Slay+3 SInv} for 1135
                  | gold pieces
 23474 | Orc      | Found the +0 mask of the Dragon {MR+ Slay+3 SInv}
 23556 | Orc      | Bought a pair of ancient boots for 247 gold pieces
 23563 | Orc      | Identified the +0 pair of boots of Baldness {-Tele +Fly
                  | rElec Dex+6} (You bought it in a shop in the Orcish Mines)
 23748 | D:10     | Identified a scroll of acquirement
 23987 | D:10     | Reached ***** piety under Kikubaaqudgha
 24377 | D:9      | Reached XP level 15. HP: 82/111 MP: 11/25
 25022 | D:11     | Got a slimy ring mail
 25023 | D:11     | Identified the +2 ring mail of Past Mistakes {Regen+ Dex+2}
                  | (You found it on level 11 of the Dungeon)
 25182 | D:11     | Found a gate to the Vaults.
 25784 | D:11     | Reached skill level 12 in Necromancy
 26121 | D:11     | Noticed Josephine
 26234 | D:11     | Killed Josephine
 26435 | D:11     | Got an encrusted scale mail
 26870 | D:12     | Entered Level 12 of the Dungeon
 27130 | D:12     | Noticed a frost giant
 27317 | D:12     | Reached skill level 10 in Dodging
 27327 | D:12     | Identified the +2 scale mail "Qoshracs" {*Contam Int+4
                  | Dex+6} (You found it on level 11 of the Dungeon)
 27379 | D:12     | Killed a frost giant
 27731 | D:12     | Found a staircase to the Depths.
 28017 | Snake:1  | Entered Level 1 of the Snake Pit
 28063 | Snake:1  | Mangled by a guardian serpent

Skill      XL: |  1  2  3  4  5  6  7  8  9 10 11 12 13 14 15 |
---------------+----------------------------------------------+-----
Evocations     | 1 2 3 4 5 6 7 8 9 10 | 10.9
Stealth        | 4 5 6 7 8 9 10 | 10.7
Fighting       | 2 3 4 5 6 7 8 |  8.9
Maces & Flails | 2 3 4 5 6 7 8 9 |  9.4
Armour         | 1 2 3 4 5 6 7 8 9 |  9.4
Short Blades   | 1 2 3 4 5 6 |  6.0
Dodging        | 4 5 6 7 8 9 10 | 10.0
Necromancy     | 1 3 4 6 8 9 10 11 12 | 12.4
Spellcasting   | 1 2 3 4 5 6 7 |  7.3
Shields        | 2 4 5 6 |  6.0
Axes           | 4 7 8 |  8.0
Earth Magic    | 1 3 |  3.5

Action                   |  1- 3 |  4- 6 |  7- 9 | 10-12 | 13-15 || total
-------------------------+-------+-------+-------+-------+-------++-------
Melee: Whip              |   115 |   243 |   143 |    85 |       ||   586
       Quarterstaff      |       |       |   187 |       |       ||   187
       Mace              |       |       |       |   482 |  1050 ||  1532
       Hand axe          |       |       |       |    95 |       ||    95
 Fire: Blowgun           |       |       |       |    21 |       ||    21
 Cast: Animate Skeleton  |       |       |    10 |    29 |    59 ||    98
       Regeneration      |       |       |       |    30 |    55 ||    85
       Animate Dead      |       |       |       |    22 |    65 ||    87
       Sublimation of Bl |       |       |       |    26 |    60 ||    86
       Agony             |       |       |       |    19 |   103 ||   122
       Dispel Undead     |       |       |       |       |    35 ||    35
Invok: Receive Corpses   |       |       |       |    21 |    47 ||    68
       Torment           |       |       |       |       |     1 ||     1
Evoke: Wand              |       |       |     3 |    16 |    12 ||    31
  Use: Potion            |       |     2 |     1 |    12 |     4 ||    19
       Scroll            |       |       |    18 |    13 |    15 ||    46
 Stab: Sleeping          |     6 |     4 |     4 |     8 |    19 ||    41
       Distracted        |       |       |     1 |     8 |    21 ||    30
  Eat: Chunk             |     2 |     9 |    15 |    19 |    59 ||   104
       Ration            |       |       |       |     9 |    12 ||    21
Armor: Robe              |    19 |    58 |       |       |       ||    77
       Ring mail         |       |       |   130 |    69 |    75 ||   274
       Troll leather arm |       |       |       |   136 |   214 ||   350
Dodge: Dodged            |    85 |   144 |   209 |   551 |  1075 ||  2064
Block: Buckler           |       |       |       |       |   238 ||   238
